Map: Orbital Shipyard

Players

LilDicky - Winner!

  • Race: Protoss Protoss
  • League: Diamond

Steven

  • Race: Terran Terran
  • League: Platinum

VOD

http://www.twitch.tv/tumescentpie

Description

Time

  • Played on: Jan. 4, 2016, 4:57 a.m.
  • Length: 8:35
Show
View Real Time Build Order
Export as new Build Order

LilDicky Protoss - Winner!

Build Orders:  

Get SALT Encoding   

  12  0:02  Probe (Chrono Boost)  
  13  0:12  Probe (Chrono Boost)  
  14  0:18  Pylon  
  14  0:23  Probe (Chrono Boost)  
  15  0:40  Gateway  
  15  0:45  Probe (Chrono Boost)  
  15  0:49  Assimilator  
  16  0:56  Probe (Chrono Boost)  
  17  1:06  Probe (Chrono Boost)  
  17  1:09  Assimilator  
  18  1:14  Pylon  
  18  1:17  Probe (Chrono Boost)  
  19  1:34  Cybernetics Core  
  19  1:36  Probe (Chrono Boost)  
  20  1:53  Probe (Chrono Boost)  
  20  1:54  Pylon  
  21  2:11  Mothership Core (Chrono Boost)  
  21  2:13  Stalker  
  25  2:27  Stargate  
  25  2:28  Gateway  
  25  2:29  Gateway  
  25  2:31  Warp Gate (Chrono Boost)  
  25  2:44  Pylon  
  25  3:10  Void Ray (Chrono Boost)  
  29  3:15  Probe  
  30  3:28  Pylon  
  33  3:57  Void Ray (Chrono Boost)  
  33  4:16  Pylon  
  33  4:27  Adept x3  
  39  4:41  Oracle  
  42  4:47  Zealot  
  42  4:49  Adept x2  
  36  5:47  Forge  
  22  6:30  Oracle  
  20  6:48  Nexus  
  18  7:06  Adept x3  
  24  7:09  Pylon  
  24  7:49  Nexus  
  25  7:51  Probe (Chrono Boost)  
  25  8:02  Probe (Chrono Boost)  
Show
View Real Time Build Order
Export as new Build Order

Steven Terran 

Build Orders:  

Get SALT Encoding   

  12  0:01  SCV  
  13  0:13  SCV  
  14  0:17  Supply Depot  
  14  0:25  SCV  
  15  0:39  SCV  
  15  0:41  Barracks  
  16  0:46  Refinery  
  16  0:51  SCV  
  17  1:03  SCV  
  18  1:15  SCV  
  19  1:28  Orbital Command  
  19  1:39  Command Center  
  19  1:55  Marine  
  19  1:58  SCV, Factory  
  21  2:10  SCV  
  21  2:15  Barracks Reactor  
  22  2:21  Barracks  
  22  2:22  Supply Depot  
  22  2:25  SCV  
  23  2:40  SCV  
  23  2:42  Refinery  
  23  2:43  Widow Mine  
  25  2:45  Supply Depot  
  25  2:53  SCV x2  
  25  2:57  Marine x2  
  29  3:09  Starport  
  29  3:10  Barracks Tech Lab  
  29  3:11  Widow Mine  
  31  3:27  Bunker  
  31  3:28  SCV  
  31  3:29  Orbital Command  
  31  3:30  Marine x2  
  34  3:35  Stimpack  
  34  3:40  Widow Mine  
  36  3:43  SCV  
  37  3:55  SCV, Medivac  
  39  3:57  SCV  
  41  4:07  SCV, Engineering Bay  
  42  4:13  SCV  
  43  4:20  SCV  
  43  4:22  Marine x2  
  43  4:24  Marauder  
  48  4:25  SCV  
  49  4:40  SCV  
  49  4:41  SCV  
  49  4:43  Supply Depot  
  49  4:44  Supply Depot  
  49  4:45  Terran Infantry Weapons Level 1, Supply Depot  
  51  4:48  Liberator  
  51  4:53  SCV x2  
  51  4:55  Factory Reactor  
  53  5:00  Refinery  
  53  5:03  Missile Turret  
  53  5:05  SCV x2, Missile Turret  
  58  5:17  SCV x2  
  52  5:23  Marine x3  
  36  5:41  Marine x2  
  36  5:42  Marauder  
  35  5:59  Marine x2  
  12  7:04  Orbital Command  
  13  7:30  SCV  
  11  7:51  Marine x2  
  11  7:54  SCV  
Tags
 
Add a new tag
Caveats
  • Supply blocks, unpowered buildings, or Contaminate may cause inaccurate times.
  • Supply counts are checked every 10 seconds.